 Dungeon Crawl Stone Soup version 0.20-a0-454-g2b43fbb (console) character file.

77 nht the Chopper (level 4, -1/52 HPs)
             Began as a Barachian Berserker on Jan 9, 2017.
             Was a Believer of Trog.
             Slain by Grinder (7 damage)
             ... on level 3 of the Dungeon.
             The game lasted 00:02:40 (2105 turns).

nht the Chopper (Barachian Berserker)               Turns: 2105, Time: 00:02:40

Health: -1/52      AC:  2    Str: 21    XL:     4   Next: 33%
Magic:  4/4        EV: 12    Int:  5    God:    Trog [**....]
Gold:   72         SH:  0    Dex: 10    Spells: 3/3 levels left

rFire  . . .     SeeInvis .     a - +0 hand axe
rCold  . . .     Gourm    .     b - +0 animal skin
rNeg   . . .     Faith    +     (no shield)
rPois  .         Spirit   .     (no helmet)
rElec  .         Reflect  .     (no cloak)
rCorr  .         Harm     .     (no gloves)
MR     .....                    (no boots)
Stlth  ..........               l - amulet of faith
                                (no ring)
                                q - ring of wizardry

@: berserking, quick
A: swims, slowness 1, strong legs 1
a: Hop, Berserk, Trog's Hand, Burn Spellbooks, Renounce Religion


You were on level 3 of the Dungeon.
You worshipped Trog.
Trog was pleased with you.
You were hungry.

You visited 1 branch of the dungeon, and saw 3 of its levels.

You collected 72 gold pieces.

Inventory:

Hand Weapons
 a - a +0 hand axe (weapon)
Armour
 b - a +0 animal skin (worn)
Jewellery
 e - an uncursed amulet of guardian spirit {unknown}
 l - an amulet of faith (around neck)
 q - a ring of wizardry (left hand)
Wands
 c - a wand of polymorph (2/24)
Scrolls
 f - a scroll of recharging {unknown}
 h - a scroll of remove curse {unknown}
 j - a scroll of blinking {unknown}
 k - a scroll of enchant armour {unknown}
 t - a scroll of identify
Potions
 g - 2 potions of heal wounds {unknown}
 i - 2 potions of resistance
 m - a potion of ambrosia
 n - 2 potions of curing
 o - a potion of agility {unknown}
 p - a potion of haste
 r - a potion of cancellation
 s - a potion of flight {unknown}
Comestibles
 d - 4 meat rations


   Skills:
 - Level 3.2 Fighting
 + Level 5.0 Axes
 - Level 2.1 Armour
 - Level 2.0 Dodging


You had 3 spell levels left.
You didn't know any spells.

Dungeon Overview and Level Annotations

Branches:
Dungeon (3/15)

Altars:

Annotations:
D:3 Grinder


Innate Abilities, Weirdness & Mutations

You can swim through water.
You cover ground slowly.
You can hop short distances.


Message History

Grinder hits you.
You writhe in agony.
You slash Grinder!
Grinder is moderately wounded.
You slash Grinder!
Grinder is heavily wounded.
You slash the adder! The adder completely misses you. Grinder hits you!
* * * LOW HITPOINT WARNING * * *
You writhe in agony.
* * * LOW HITPOINT WARNING * * *
You barely miss the adder.
The adder is almost dead.
You hit Grinder. The adder closely misses you. Grinder hits you!
* * * LOW HITPOINT WARNING * * *
You hit Grinder.
Grinder is severely wounded.
You closely miss the adder. The adder misses you.
You hit Grinder.
Grinder is almost dead.
You barely miss the adder. Grinder hits you!
You die...

. █. █. .
█.█ .██
█..█ ..█
█..██.█
█..█.█
█...███
█@S.█
██5......
.......
.......
.......
.......
.......
..)....


You could see Grinder and an adder.

Vanquished Creatures
  Jessica (D:2)
  An adder (D:2)
  A dart slug (D:1)
  A leopard gecko (D:1)
  5 giant cockroaches (D:1)
  4 goblins (D:1)
  7 hobgoblins (D:1)
  3 bats
  2 frilled lizards (D:1)
  7 kobolds
  5 rats
37 creatures vanquished.

Notes
Turn   | Place    | Note
-------+----------+-------------------------------------------
     0 | D:1      | nht the Barachian Berserker began the quest for the Orb.
     0 | D:1      | Reached XP level 1. HP: 18/18 MP: 1/1
   163 | D:1      | Reached XP level 2. HP: 15/24 MP: 2/2
   501 | D:1      | Reached skill level 4 in Axes
   779 | D:1      | Reached XP level 3. HP: 29/29 MP: 3/3
   911 | D:2      | Noticed Jessica
  1325 | D:1      | Reached ** piety under Trog
  1574 | D:2      | Killed Jessica
  1574 | D:2      | Reached XP level 4. HP: 35/35 MP: 4/4
  1712 | D:2      | Reached skill level 5 in Axes
  2095 | D:3      | Noticed Grinder
  2096 | D:3      | Paralysed by Grinder for 4 turns
  2105 | D:3      | Slain by Grinder

Vault maps used:
D:1:      minmay_arrival_stair_chambers, st_stairs_14
D:2:      corner_web_ring, minmay_misc_feat_room, uniq_jessica
D:3:      item_on_display_a, uniq_grinder, uniq_robin, uniq_sigmund

Skill      XL: |  1  2  3  4 |
---------------+-------------+-----
Axes           | 4 5 |  5.0
Fighting       | |  3.2
Armour         | |  2.1
Dodging        | |  2.0

Action                   |  1- 3 |  4- 6 || total
-------------------------+-------+-------++-------
Melee: Hand axe          |   111 |    26 ||   137
       Unarmed           |    17 |       ||    17
Invok: Berserk           |     2 |     1 ||     3
  Use: Scroll            |       |     3 ||     3
  Eat: Chunk             |     1 |     1 ||     2
       Bread ration      |     1 |       ||     1
Armor: Animal skin       |    20 |     3 ||    23
Dodge: Dodged            |    87 |    12 ||    99
